 Dungeon Crawl Stone Soup version 0.27.1-34-g3ba077fa99 (webtiles) character file.

Game seed: 15254747999312960386

1476 styxcanada the Covert (level 8, -5/44 HPs)
             Began as a Spriggan Brigand on Jan 16, 2022.
             Was an Initiate of Gozag.
             Shot with an arrow by a centaur (7 damage)
             ... on level 6 of the Dungeon on Jan 17, 2022.
             The game lasted 00:30:47 (7070 turns).

styxcanada the Covert (Spriggan Brigand)            Turns: 7070, Time: 00:30:48

Health: -5/44      AC:  3    Str:  7    XL:     8   Next: 49%
Magic:  9/9        EV: 20    Int: 12    God:    Gozag
Gold:   289        SH:  8    Dex: 19    Spells: 7/7 levels left

rFire    . . .     SeeInvis +   g - +2 short sword (venom)
rCold    . . .     Faith    .   m - +2 buckler
rNeg     . . .     Spirit   .   b - +0 robe
rPois    .         Reflect  .   (helmet restricted)
rElec    .         Harm     .   c - +1 cloak
rCorr    .         Rampage  .   (gloves unavailable)
Will     +....                  (boots unavailable)
Stlth    +++++.....             (no amulet)
HPRegen  0.14/turn              (no ring)
MPRegen  0.11/turn              (no ring)

@: very quick
A: very small, no large weapons, unfitting armour, see invisible, speed 3,
hooves 1, deformed body, robust 1, wild magic 1
a: Renounce Religion, Potion Petition, Call Merchant, Bribe Branch


You were on level 6 of the Dungeon.
You worshipped Gozag.
Gozag was aware of your devotion.
You visited 2 branches of the dungeon, and saw 7 of its levels.
You also visited: Sewer and Ossuary.

You collected 411 gold pieces.
You paid 122 gold pieces to Gozag.

Inventory:

Hand Weapons
 a - a +2 dagger
 g - a +2 short sword of venom (weapon)
Missiles
 d - 20 poisoned darts (quivered)
 e - 2 curare-tipped darts
 h - 196 stones
 i - 8 boomerangs
 p - 19 sling bullets
 w - 4 silver boomerangs
Armour
 b - a +0 robe (worn)
 c - a +1 cloak (worn)
 m - a +2 buckler (worn)
Wands
 k - a wand of iceblast (4)
 n - a wand of acid (3)
Scrolls
 o - 2 scrolls of blinking
 u - 2 scrolls of fear
 v - a scroll of teleportation
Potions
 f - a potion of mutation
 j - 2 potions of brilliance
 l - a potion of berserk rage
 r - 6 potions of flight
 s - 4 potions of heal wounds {unknown}
 t - 2 potions of curing {unknown}
Miscellaneous
 q - a phial of floods


   Skills:
 + Level 3.5 Fighting
 + Level 5.5 Short Blades
 + Level 3.1 Throwing
 * Level 6.2 Dodging
 * Level 10.8 Stealth
 * Level 0.3 Shields
 * Level 3.8 Evocations


You had 7 spell levels left.
You didn't know any spells.
Your spell library contained the following spells:

 Spells                   Type           Power      Damage    Failure   Level
 Animate Skeleton         Necr           0%         N/A       56%         1
 Beastly Appendage        Tmut           0%         N/A       56%         1
 Pain                     Necr           0%         1d4       56%         1
 Sandblast                Erth           0%         2d4       56%         1
 Passwall                 Tmut/Erth      0%         N/A       71%         2
 Wereblood                Tmut           0%         N/A       71%         2
 Spider Form              Tmut/Pois      0%         N/A       89%         3
 Vampiric Draining        Necr           0%         2d6       89%         3
 Lee's Rapid Deconstruct  Erth           0%         3d5*      100%        5


Dungeon Overview and Level Annotations

Branches:
Dungeon (6/15)             Temple (1/1) D:4           Sewer (visited)
Ossuary (visited)

Altars:
Ashenzari
Cheibriados
Dithmenos
Elyvilon
Fedhas
Gozag
Hepliaklqana
Kikubaaqudgha
Makhleb
Nemelex Xobeh
Okawaru
Qazlal
Ru
Sif Muna
Trog
Uskayaw
Vehumet
Wu Jian
Xom
Zin
The Shining One

Shops:
D:4 [


Innate Abilities, Weirdness & Mutations

You are very small and have problems with some larger weapons.
You are too small for most types of armour.
You have supernaturally acute eyesight. (SInv)
You cover ground extremely quickly. (Speed+++)
You have large cloven feet.
Armour fits poorly on your strangely shaped body.
You are robust. (+10% HP)
Your spells are a little harder to cast, but a little more powerful.


Message History

Ouch! That really hurt!
* * * LOW HITPOINT WARNING * * *
Found a robe.
Found a spear.
Found a scroll of teleportation.
Aiming: Corrosive Bolt
Press: ? - help, Shift-Dir - straight line, f - ogre
Aim: an ogre, wielding a +0 giant club (88% to hit)
The bolt of acid hits the ogre!
The ogre is splashed with acid.
The acid corrodes the ogre!
The ogre is severely wounded.
The bolt of acid hits the sky beast!
The sky beast is splashed with acid!
The acid corrodes the sky beast!
The sky beast is severely wounded.
Found a ruby potion.
A water moccasin comes into view.
Throw: 22 darts (poison)
Press: ? - help, Q - select action, (/) - cycle Shift-Dir - straight line, f/p - ogre
Aim: an ogre, wielding a +0 giant club (severely wounded, covered in acid, 77% to hit)
You throw a poisoned dart. The poisoned dart hits the ogre.
The ogre is poisoned.
The ogre is severely wounded.
The water moccasin hisses angrily.
An adder comes into view.
A centaur comes into view.
An iguana comes into view.
The iguana hisses angrily.
The centaur shouts!
Found 19 bolts.
The centaur wields a +0 shortbow.
The centaur shoots an arrow.
The arrow closely misses you.
Throw: 21 darts (poison)
Press: ? - help, Q - select action, (/) - cycle Shift-Dir - straight line, f/p - ogre
Aim: an ogre, wielding a +0 giant club (almost dead, poisoned, covered in acid, 77% to hit)
You throw a poisoned dart.
The poisoned dart barely misses the ogre.
The adder hisses angrily.
The centaur shoots an arrow.
The arrow hits you!
* * * LOW HITPOINT WARNING * * *
Found 4 large rocks.
The centaur shoots an arrow.
The arrow hits you!
You die...
Your body crumbles into a pile of gold.

....(...# .......#
......# .....# .. ..
....# .#..... ..
...# #S#......
...#.##..# #.#......
.......@.###....!...
#######...S.S......
................#
###....l[O......##
#..............#
#....##..Y.....#
......##........#
...c...##.o(.(.?.#
......( ###o######


You could see a water moccasin, a sky beast (poisoned, corroded), an ogre
(poisoned, corroded), a centaur, an iguana, an adder and an orc.

Vanquished Creatures
  The ghost of pkoi the Ruffian, an amateur DrMo (D:5)
  Purgy (Sewer)
  A necrophage (D:5)
  A sky beast (D:6)
  A phantom (D:5)
  3 elf zombies (Ossuary)
  A scorpion (D:5)
  A water moccasin skeleton (D:5)
  A crimson imp (D:4)
  A bullfrog zombie (D:6)
  2 hounds
  A bullfrog skeleton (D:5)
  A gnoll shaman (D:5)
  An iguana (D:5)
  Natasha (twice) (D:2)
  An orc wizard (D:6)
  A hound skeleton (D:5)
  2 hound zombies (Ossuary)
  4 mummies (Ossuary)
  5 gnolls (D:5)
  6 adders
  2 adder zombies (Ossuary)
  2 worms (D:2)
  An adder skeleton (D:4)
  The ghost of cbfl8 the Sneak, a weakling MiDe (D:5)
  3 dart slugs
  8 orcs
  8 ball pythons
  9 bats
  10 endoplasms
  9 giant cockroaches
  4 goblins (D:1)
  4 hobgoblins
  5 jackals (D:4)
  4 kobolds
  5 quokkas (D:3)
  4 frilled lizards
  A gnoll zombie (Ossuary)
  A goblin zombie (Ossuary)
  A jackal zombie (Ossuary)
  3 rats
  A rat zombie (Ossuary)
124 creatures vanquished.

Vanquished Creatures (others)
  3 withered plants (D:5)
3 creatures vanquished.

Grand Total: 127 creatures vanquished

Notes
Turn   | Place    | Note
-------+----------+-------------------------------------------
     0 | D:1      | styxcanada the Spriggan Brigand began the quest for the
                  | Orb.
     0 | D:1      | Reached XP level 1. HP: 10/10 MP: 2/2
    50 | D:1      | Reached skill level 6 in Stealth
   486 | D:1      | Reached XP level 2. HP: 15/15 MP: 3/3
   899 | D:1      | Reached skill level 7 in Stealth
  1251 | D:1      | Reached XP level 3. HP: 18/18 MP: 4/4
  1528 | D:2      | Noticed Natasha
  1538 | D:2      | Killed Natasha
  1752 | D:2      | Reached XP level 4. HP: 23/23 MP: 5/5
  1784 | D:2      | Noticed Natasha
  1798 | D:2      | Killed Natasha
  1799 | D:2      | Reached skill level 8 in Stealth
  1825 | D:2      | Found a faded altar of an unknown god.
  2417 | D:3      | Found a glowing drain.
  2466 | D:3      | Reached XP level 5. HP: 9/26 MP: 6/6
  2498 | Sewer    | Entered a sewer
  2711 | Sewer    | Noticed Purgy
  2720 | Sewer    | Killed Purgy
  3074 | D:3      | Reached skill level 9 in Stealth
  3178 | D:3      | Found a glowing golden altar of the Shining One.
  3419 | D:4      | Reached XP level 6. HP: 32/32 MP: 7/7
  3520 | D:4      | Found a blossoming altar of Fedhas.
  3713 | D:4      | Found a staircase to the Ecumenical Temple.
  3719 | Temple   | Entered the Ecumenical Temple
  3970 | D:4      | Found Sabokauc's Armour Emporium.
  3993 | D:4      | Found an iron altar of Okawaru.
  4039 | D:4      | Found a burning altar of Makhleb.
  4039 | D:4      | Found a radiant altar of Vehumet.
  4572 | D:5      | Entered Level 5 of the Dungeon
  4621 | D:5      | Found a sand-covered staircase.
  4641 | Ossuary  | Entered an ossuary
  4730 | Ossuary  | Reached skill level 1 in Evocations
  4761 | Ossuary  | Reached XP level 7. HP: 20/35 MP: 8/8
  4794 | Ossuary  | Reached skill level 10 in Stealth
  5452 | D:5      | Reached skill level 5 in Dodging
  5846 | D:5      | Gained mutation: You are clumsy. (Dex -2) [potion of
                  | mutation]
  5846 | D:5      | Gained mutation: You sometimes lose the ability to read
                  | scrolls when taking damage. [potion of mutation]
  5846 | D:5      | Gained mutation: Armour fits poorly on your strangely
                  | shaped body. [potion of mutation]
  5847 | D:5      | Lost mutation: You are clumsy. (Dex -2) [potion of
                  | mutation]
  5847 | D:5      | Lost mutation: You sometimes lose the ability to read
                  | scrolls when taking damage. [potion of mutation]
  5847 | D:5      | Gained mutation: You have large cloven feet. [potion of
                  | mutation]
  5847 | D:5      | Gained mutation: You are robust. (+10% HP) [potion of
                  | mutation]
  5847 | D:5      | Gained mutation: Your spells are a little harder to cast,
                  | but a little more powerful. [potion of mutation]
  6056 | D:5      | Reached XP level 8. HP: 44/44 MP: 9/9
  6175 | D:5      | Found a runed translucent gate.
  6175 | D:5      | Found a runed translucent gate.
  6177 | D:5      | Found a runed translucent gate.
  6179 | D:5      | Noticed cbfl8's ghost (weakling MiDe)
  6179 | D:5      | Noticed pkoi's ghost (amateur DrMo)
  6564 | D:5      | Killed cbfl8's ghost
  6590 | D:5      | Killed pkoi's ghost
  6591 | D:5      | Reached skill level 5 in Short Blades
  6913 | D:6      | Found an opulent altar of Gozag.
  6921 | D:6      | Became a worshipper of Gozag Ym Sagoz the Greedy
  7069 | D:6      | HP: 2/44 [centaur/arrow (11)]
  7070 | D:6      | Shot with an arrow by a centaur

Illustrated notes

Levels and vault maps discovered:
D:1:      evilmike_arrival_crescent, layout_loops_ring
D:2:      layout_loops_ring, basic_ecumenical_altar, uniq_natasha
D:3:      layout_loops_ring, nicolae_tso_swordbearing_angel,
          portal_sewer_entry_f, nrook_campfire, minmay_fractal_squares_5
D:4:      layout_layer_cave, kennysheep_okawaru_gauntlet,
          mainiacjoe_overflow_surrounded_room,
          grunt_temple_overflow_lords_of_destruction, minmay_temple_entry_mist,
          serial_shops, kennysheep_mini, minivault_23, minmay_liquid_box
D:5:      layout_rooms, gammafunk_ghost_cemetery,
          nicolae_ossuary_entry_false_entrances
D:6:      layout_basic, mainiacjoe_overflow_boulevard
Temple:   nicolae_temple_no_exploring_needed

Skill      XL: |  1  2  3  4  5  6  7  8 |
---------------+-------------------------+-----
Stealth        | 6 7 8 9 10 | 10.8
Dodging        | 2 3 4 5 6 |  6.2
Fighting       | 2 3 |  3.5
Short Blades   | 3 4 5 |  5.5
Evocations     | 1 2 3 |  3.8
Throwing       | 3 |  3.1
Shields        | |  0.3

Action                   |  1- 3 |  4- 6 |  7- 9 || total
-------------------------+-------+-------+-------++-------
Melee: Dagger            |    11 |       |       ||    11
       Short sword       |    53 |   187 |   176 ||   416
       Kick              |       |       |    33 ||    33
Throw: Dart              |     6 |    15 |    18 ||    39
Evoke: Wand              |       |     4 |     8 ||    12
  Use: Scroll            |       |     9 |     7 ||    16
       Potion            |       |       |     2 ||     2
 Stab: Sleeping          |    13 |    16 |     4 ||    33
       Distracted        |     1 |     2 |       ||     3
Armor: Robe              |     7 |    25 |    16 ||    48
Dodge: Dodged            |    38 |   174 |   134 ||   346
Block: Buckler           |       |       |     6 ||     6
